Map: [ESL] Gresvan

Players

Firefly - Winner!

  • Race: Protoss Protoss
  • Spawn Location: 11:00

Cyan

  • Race: Protoss Protoss
  • Spawn Location: 5:00

Event: ESL SC2 Masters 2023 Summer (Regionals)

VOD

Have the link to the VOD?

Description

Time

  • Played on: May 4, 2023, 8:06 a.m.
  • Length: 16:45

All games in this series

Show
View Real Time Build Order
Export as new Build Order

Firefly Protoss - Winner!

Build Orders: Oracle Opening, Blink Stalkers 

Get SALT Encoding   

  12  0:00  Probe  
  13  0:12  Probe  
  14  0:17  Pylon  
  14  0:24  Probe  
  15  0:35  Gateway  
  15  0:37  Probe (Chrono Boost)  
  16  0:47  Probe (Chrono Boost), Assimilator  
  17  0:52  Probe (Chrono Boost)  
  17  0:56  Assimilator  
  18  1:03  Probe (Chrono Boost)  
  19  1:08  Gateway  
  19  1:15  Probe (Chrono Boost)  
  20  1:23  Cybernetics Core, Probe (Chrono Boost)  
  21  1:35  Probe  
  21  1:36  Pylon  
  22  1:47  Probe  
  23  1:59  Stalker x2  
  23  2:00  Warp Gate  
  27  2:12  Probe  
  27  2:14  Pylon  
  28  2:29  Stalker  
  30  2:32  Stalker  
  31  2:37  Twilight Council  
  31  2:41  Probe  
  32  2:59  Sentry  
  34  3:17  Nexus, Blink (Chrono Boost)  
  34  3:18  Probe  
  35  3:21  Oracle  
  35  3:30  Probe  
  36  3:34  Pylon  
  35  3:43  Probe  
  36  3:53  Stalker x2  
  40  3:56  Probe  
  41  4:05  Gateway  
  41  4:16  Stalker  
  43  4:19  Stalker  
  43  4:22  Probe  
  42  4:39  Stalker  
  42  4:42  Stalker  
  44  5:03  Stalker x2  
  46  5:07  Stalker  
  48  5:29  Stalker x2  
  48  5:31  Stalker  
  42  5:53  Stalker x2  
  42  5:56  Pylon  
  46  5:59  Probe  
  37  6:19  Stalker x3  
  37  6:24  Probe  
  44  6:42  Stalker x3  
  42  7:02  Nexus  
  40  7:11  Stalker x2  
  44  7:19  Probe  
  43  7:32  Probe  
  43  7:34  Shield Battery  
  44  7:42  Stalker  
  46  7:46  Probe  
  47  7:51  Robotics Facility  
  47  7:59  Shield Battery  
  47  8:14  Probe  
  47  8:16  Probe  
  47  8:18  Stalker  
  51  8:23  Stalker  
  53  8:30  Pylon  
  53  8:44  Observer (Chrono Boost)  
  53  8:45  Stalker  
  53  8:46  Stalker  
  58  8:50  Pylon  
  58  8:58  Immortal (Chrono Boost)  
  62  9:08  Forge  
  62  9:09  Sentry x2  
  66  9:11  Probe  
  66  9:14  Probe  
  68  9:23  Probe  
  67  9:26  Probe  
  68  9:33  Assimilator  
  68  9:35  Immortal (Chrono Boost)  
  68  9:36  Protoss Ground Weapons Level 1 (Chrono Boost)  
  70  9:40  Probe  
  70  9:41  Probe  
  70  9:43  Assimilator  
  72  9:53  Oracle  
  72  9:54  Gateway  
  72  10:01  Gateway  
  72  10:02  Charge  
  72  10:11  Immortal (Chrono Boost)  
  76  10:25  Stalker  
  78  10:30  Observer  
  78  10:35  Pylon  
  78  10:44  Phoenix  
  78  10:53  Probe  
  78  10:54  Immortal  
  83  11:01  Nexus  
  83  11:04  Pylon x2  
  83  11:16  Protoss Ground Weapons Level 2 (Chrono Boost)  
  82  11:23  Stalker x3  
  88  11:28  Probe x2  
  90  11:34  Stalker  
  92  11:41  Probe x2  
  92  11:43  Phoenix  
  94  11:56  Pylon  
  94  11:59  Gateway  
  94  12:00  Pylon  
  94  12:12  Gateway  
  94  12:13  Probe x2 (Chrono Boost)  
  97  12:16  Probe (Chrono Boost)  
  99  12:23  Probe (Chrono Boost)  
  99  12:24  Probe (Chrono Boost)  
  99  12:26  Probe (Chrono Boost)  
  101  12:31  Probe x2 (Chrono Boost)  
  101  12:32  Probe (Chrono Boost)  
  101  12:36  Templar Archives  
  103  12:37  Gateway  
  103  12:39  Probe x3  
  103  12:40  Gateway  
  106  12:53  Pylon  
  106  12:56  Stalker x3  
  106  12:57  Observer (Chrono Boost)  
  113  13:01  Stalker  
  115  13:11  Nexus  
  115  13:13  Photon Cannon  
  115  13:19  Phoenix, Photon Cannon  
  115  13:22  High Templar x4  
  123  13:27  Archon  
  123  13:28  Archon  
  123  13:30  Shield Battery  
  123  13:32  High Templar x2  
  123  13:33  High Templar  
  129  13:37  Gateway x2  
  129  13:38  High Templar, Archon  
  131  13:43  Archon, Protoss Ground Weapons Level 3 (Chrono Boost)  
  131  13:53  Photon Cannon  
  131  13:58  Pylon  
  131  14:01  Probe x2  
  131  14:02  Pylon  
  133  14:16  Probe x2  
  135  14:17  High Templar x2  
  135  14:18  Zealot  
  135  14:20  Pylon  
  135  14:21  Archon  
  135  14:22  Pylon, Zealot  
  135  14:23  Zealot x4  
  151  14:36  Photon Cannon  
  151  14:37  Photon Cannon  
  155  14:39  Warp Prism  
  155  14:44  High Templar  
  155  14:45  High Templar, Zealot x2  
  157  14:50  Archon  
  161  14:57  Zealot x3  
  161  14:59  Zealot x2  
  160  15:03  Stalker  
  162  15:15  Stalker  
  151  15:22  Stalker x3  
  133  15:39  Observer  
  133  15:42  Observer  
  125  15:49  Zealot x4  
  133  15:53  Photon Cannon  
  95  16:14  Zealot x3  
Show
View Real Time Build Order
Export as new Build Order

Cyan Protoss 

Build Orders:  

Get SALT Encoding   

  12  0:00  Probe  
  13  0:12  Probe  
  14  0:16  Pylon  
  14  0:24  Probe (Chrono Boost)  
  15  0:36  Probe (Chrono Boost)  
  15  0:37  Gateway  
  16  0:44  Probe (Chrono Boost)  
  16  0:46  Assimilator  
  17  0:51  Probe  
  18  0:59  Assimilator  
  18  1:03  Probe (Chrono Boost)  
  19  1:08  Gateway  
  19  1:13  Probe (Chrono Boost)  
  19  1:18  Probe (Chrono Boost)  
  20  1:24  Cybernetics Core  
  21  1:30  Probe  
  22  1:35  Pylon  
  22  1:42  Probe  
  23  1:54  Probe  
  23  1:58  Warp Gate (Chrono Boost)  
  23  2:01  Adept  
  26  2:03  Adept  
  26  2:06  Pylon  
  28  2:15  Shield Battery  
  28  2:16  Probe  
  29  2:31  Stalker  
  29  2:33  Stalker  
  32  2:47  Pylon  
  32  2:50  Robotics Facility  
  32  3:05  Stalker  
  34  3:06  Stalker  
  36  3:14  Pylon  
  36  3:19  Gateway  
  36  3:40  Warp Prism (Chrono Boost)  
  36  3:47  Stalker x2  
  42  4:11  Stalker x2  
  42  4:15  Pylon  
  42  4:39  Stalker x3  
  48  4:47  Probe  
  48  4:49  Pylon  
  49  5:02  Stalker x2  
  49  5:04  Stalker  
  53  5:25  Stalker  
  53  5:26  Stalker  
  53  5:27  Stalker  
  59  5:32  Immortal (Chrono Boost)  
  49  5:39  Stalker x2  
  47  5:43  Stalker  
  43  6:13  Stalker x3  
  45  6:25  Pylon  
  43  6:27  Immortal (Chrono Boost)  
  47  6:42  Sentry  
  49  6:49  Adept x2  
  43  7:06  Immortal (Chrono Boost)  
  43  7:08  Sentry  
  43  7:16  Stalker  
  43  7:22  Pylon  
  41  7:42  Immortal (Chrono Boost)  
  45  8:05  Nexus  
  45  8:08  Probe  
  46  8:15  Observer  
  47  8:20  Probe  
  48  8:28  Twilight Council  
  48  8:32  Probe  
  49  8:44  Shield Battery  
  49  8:45  Probe  
  50  8:57  Probe  
  50  9:02  Blink (Chrono Boost)  
  51  9:09  Probe  
  52  9:21  Probe  
  53  9:31  Gateway  
  53  9:33  Warp Prism (Chrono Boost)  
  55  9:40  Probe  
  55  9:45  Probe  
  57  9:50  Sentry  
  57  9:51  Sentry x2  
  63  9:54  Probe  
  63  9:58  Probe  
  63  9:59  Pylon  
  65  10:07  Gateway  
  65  10:08  Gateway  
  65  10:19  Stalker x2  
  69  10:22  Stalker  
  69  10:28  Assimilator  
  71  10:30  Observer  
  72  10:36  Pylon  
  72  10:42  Probe  
  73  10:43  Forge  
  73  11:02  Nexus  
  73  11:05  Pylon  
  73  11:09  Dark Shrine  
  73  11:10  Probe  
  73  11:11  Probe  
  75  11:15  Protoss Ground Weapons Level 1 (Chrono Boost)  
  75  11:19  Stalker, Sentry  
  79  11:29  Shield Battery  
  79  11:30  Probe  
  79  11:31  Shield Battery  
  79  11:32  Probe  
  81  11:40  Pylon  
  81  11:42  Probe  
  81  11:44  Probe  
  83  11:54  Probe, Pylon  
  83  11:58  Immortal  
  88  12:02  Probe  
  88  12:06  Probe  
  86  12:15  Probe x2  
  86  12:21  Stalker  
  86  12:22  Stalker x2  
  94  12:27  Dark Templar  
  95  12:33  Probe  
  95  12:36  Dark Templar x2  
  100  12:45  Gateway  
  100  12:47  Gateway  
  100  12:51  Dark Templar  
  102  12:52  Probe  
  102  12:54  Probe x2  
  102  12:55  Assimilator  
  105  13:00  Dark Templar, Assimilator  
  105  13:04  Probe  
  108  13:06  Probe  
  108  13:12  Probe, Shadow Stride (Chrono Boost)  
  110  13:19  Probe  
  111  13:21  Probe  
  111  13:26  Probe  
  113  13:29  Photon Cannon  
  113  13:30  Shield Battery  
  113  13:31  Pylon  
  113  13:48  Dark Templar x2  
  113  13:49  Charge (Chrono Boost), Dark Templar  
  113  13:54  Protoss Ground Weapons Level 2 (Chrono Boost)  
  113  13:55  Nexus  
  119  13:57  Pylon  
  119  13:58  Pylon  
  119  14:03  Probe x2  
  119  14:04  Probe, Photon Cannon  
  122  14:13  Immortal  
  122  14:15  Probe  
  127  14:24  Photon Cannon  
  127  14:26  Shield Battery  
  126  14:37  Pylon  
  126  14:41  Stalker x2  
  126  14:42  Stalker  
  126  14:44  Robotics Bay  
  126  14:45  Robotics Facility  
  132  14:48  Dark Templar  
  131  15:01  Stalker x2  
  128  15:22  Nexus  
  128  15:23  Pylon, Stalker x6  
  131  15:34  Stalker x2  
  118  15:49  Stalker x2  
  108  15:55  Stalker  
  98  16:05  Stalker  
  60  16:19  Stalker  
  60  16:22  Stalker  
  52  16:33  Stalker  
Tags
 
Add a new tag
Caveats
  • Supply blocks, unpowered buildings, or Contaminate may cause inaccurate times.
  • Supply counts are checked every 10 seconds.